Map: Ephemeron LE

Players

Harstem - Winner!

  • Race: Protoss Protoss
  • League: Grandmaster
  • Spawn Location: 11:00

JACK

  • Race: Terran Terran
  • Spawn Location: 5:00

VOD

Have the link to the VOD?

Description

Time

  • Played on: Sept. 28, 2019, 7:58 a.m.
  • Length: 8:58
Show
View Real Time Build Order
Export as new Build Order

Harstem Protoss - Winner!

Build Orders: 1 Gate Expand, Zealot Archon, Colossus Rush 

Get SALT Encoding   

  12  0:01  Probe  
  13  0:13  Probe  
  14  0:19  Pylon  
  14  0:25  Probe (Chrono Boost)  
  15  0:37  Probe (Chrono Boost)  
  15  0:38  Gateway  
  16  0:46  Probe (Chrono Boost)  
  17  0:51  Probe  
  17  0:54  Assimilator  
  18  1:03  Probe  
  19  1:15  Probe  
  20  1:25  Nexus  
  20  1:36  Cybernetics Core  
  20  1:39  Probe  
  21  1:44  Assimilator  
  21  1:51  Probe  
  21  1:54  Pylon  
  22  2:03  Probe  
  23  2:10  Adept (Chrono Boost)  
  25  2:16  Probe  
  25  2:19  Robotics Facility  
  25  2:22  Warp Gate  
  26  2:28  Probe  
  26  2:32  Stalker (Chrono Boost)  
  28  2:38  Probe  
  28  2:41  Probe (Chrono Boost)  
  30  2:50  Probe (Chrono Boost)  
  33  2:58  Probe (Chrono Boost)  
  33  2:59  Probe (Chrono Boost)  
  33  3:04  Probe (Chrono Boost)  
  34  3:07  Probe (Chrono Boost)  
  34  3:09  Observer, Sentry  
  38  3:16  Probe (Chrono Boost)  
  38  3:18  Pylon  
  40  3:21  Probe (Chrono Boost)  
  40  3:22  Probe (Chrono Boost)  
  41  3:29  Probe  
  41  3:30  Probe, Observer  
  41  3:33  Assimilator  
  44  3:36  Assimilator  
  44  3:39  Gateway  
  44  3:40  Gateway  
  44  3:41  Probe  
  45  3:43  Probe  
  46  3:51  Observer  
  46  3:53  Probe  
  46  3:55  Probe  
  49  4:05  Probe  
  49  4:07  Probe  
  51  4:11  Robotics Bay  
  49  4:17  Probe, Nexus  
  49  4:19  Probe  
  49  4:23  Pylon, Observer  
  51  4:29  Probe  
  51  4:30  Pylon  
  51  4:31  Probe  
  53  4:41  Probe, Stalker x3  
  53  4:43  Probe  
  61  4:52  Forge  
  61  4:53  Probe  
  61  4:54  Twilight Council  
  61  4:55  Probe  
  61  4:57  Colossus (Chrono Boost)  
  69  5:03  Pylon  
  69  5:09  Extended Thermal Lance  
  69  5:11  Probe  
  69  5:12  Pylon  
  70  5:19  Charge (Chrono Boost)  
  70  5:21  Probe  
  71  5:24  Protoss Ground Armor Level 1 (Chrono Boost)  
  71  5:25  Probe  
  71  5:27  Gateway x2  
  72  5:31  Observer  
  72  5:34  Probe  
  73  5:43  Probe  
  73  5:46  Probe  
  74  5:51  Gateway, Colossus (Chrono Boost)  
  74  5:52  Gateway  
  81  5:58  Zealot  
  81  6:00  Zealot x2  
  86  6:06  Shield Battery  
  86  6:07  Probe  
  86  6:09  Probe  
  88  6:13  Probe  
  88  6:15  Gateway  
  88  6:17  Pylon  
  89  6:25  Zealot x3  
  96  6:27  Zealot x2  
  96  6:31  Pylon  
  99  6:33  Observer  
  99  6:34  Pylon  
  99  6:38  Templar Archives  
  99  6:40  Pylon  
  99  6:45  Colossus (Chrono Boost)  
  105  6:51  Zealot x3  
  110  6:58  Zealot x3  
  116  7:05  Zealot  
  118  7:08  Probe  
  121  7:17  Observer  
  121  7:19  High Templar  
  121  7:20  High Templar x3, Zealot  
  121  7:21  Zealot  
  133  7:24  Pylon  
  133  7:27  Archon, Pylon  
  133  7:28  Archon, Pylon  
  131  7:33  Pylon  
  131  7:34  Warp Prism (Chrono Boost)  
  133  7:47  Zealot x2  
  133  7:48  Zealot x2  
  140  7:53  Zealot x4  
  148  7:59  Immortal (Chrono Boost)  
  148  8:04  Probe x2  
  155  8:05  Probe, Pylon  
  155  8:18  Zealot x7  
  155  8:19  Zealot  
  151  8:23  Probe  
  135  8:27  Probe  
  135  8:32  Assimilator  
  125  8:36  Assimilator  
  125  8:38  Zealot x2  
  125  8:40  Zealot x3  
  135  8:52  High Templar x2  
  135  8:53  Zealot  
Show
View Real Time Build Order
Export as new Build Order

JACK Terran 

Build Orders: Reaper Expand 

Get SALT Encoding   

  12  0:04  SCV  
  13  0:16  SCV  
  14  0:22  Supply Depot  
  14  0:28  SCV  
  15  0:43  SCV  
  15  0:44  Barracks  
  15  0:49  Refinery  
  16  0:55  SCV  
  17  1:07  SCV  
  18  1:20  SCV  
  19  1:32  Orbital Command  
  19  1:34  Reaper  
  20  1:44  Command Center  
  20  1:52  Supply Depot  
  20  1:58  SCV  
  21  2:05  Marine  
  22  2:10  SCV  
  22  2:13  Factory  
  23  2:22  SCV  
  23  2:24  Refinery  
  23  2:26  Barracks Reactor  
  24  2:35  SCV  
  25  2:47  SCV  
  27  2:59  SCV  
  27  3:02  Widow Mine, Marine  
  27  3:03  Marine  
  31  3:07  Starport  
  31  3:08  Orbital Command  
  31  3:11  SCV  
  31  3:20  Marine x2  
  31  3:23  Widow Mine, SCV  
  36  3:33  Supply Depot  
  36  3:35  SCV x2  
  36  3:38  Marine x2  
  36  3:41  Barracks  
  40  3:43  Medivac  
  44  3:50  SCV  
  42  3:56  Marine x2  
  42  3:58  SCV  
  42  4:07  SCV  
  43  4:11  SCV  
  43  4:14  Marine x2, Factory Tech Lab  
  43  4:16  Starport Tech Lab  
  46  4:20  SCV  
  46  4:23  SCV  
  48  4:26  Supply Depot  
  48  4:30  Barracks  
  48  4:32  SCV, Marine x2  
  48  4:34  Siege Tank  
  54  4:39  Supply Depot  
  54  4:40  Stimpack  
  54  4:47  Starport Reactor, SCV x2  
  54  4:49  Marine x2  
  58  4:56  Barracks  
  58  4:57  Barracks  
  58  4:59  SCV x2  
  60  5:02  Refinery  
  60  5:04  Marine  
  64  5:07  Siege Tank, Marine  
  64  5:08  Marine  
  64  5:13  SCV x2  
  68  5:18  Supply Depot  
  68  5:21  Supply Depot, Barracks Reactor  
  68  5:23  Marine  
  68  5:25  Marine  
  70  5:38  Supply Depot  
  70  5:40  Medivac x2, Engineering Bay, SCV x2, Marine  
  77  5:45  Barracks Reactor  
  77  5:51  Supply Depot  
  77  5:52  SCV x2  
  77  5:54  Marine  
  77  5:55  Marine  
  77  5:56  Siege Tank  
  84  5:59  Supply Depot  
  84  6:03  Barracks Reactor, Marine x2  
  86  6:04  SCV x2  
  86  6:10  Marine  
  89  6:12  Marine x2  
  89  6:16  SCV x2  
  93  6:20  Marine  
  93  6:21  Marine  
  93  6:24  Combat Shield, Marine x2  
  97  6:28  Marine  
  97  6:32  Siege Tank  
  101  6:35  Marine x2  
  101  6:38  Marine x2  
  105  6:42  Marine x2  
  107  6:54  Marine x3  
  110  7:03  Command Center  
  110  7:06  Supply Depot  
  110  7:10  Supply Depot  
  110  7:27  Medivac, Marine x6  
  110  7:28  Medivac, Siege Tank, Marine x2  
  125  7:32  Marine  
  125  7:45  Liberator  
  125  7:47  Marine  
  125  7:48  Marine x4  
  130  7:55  Bunker x2  
  130  7:56  Bunker  
  129  8:00  Siege Tank  
  134  8:14  Supply Depot, Marine x4  
  134  8:15  Marine x5  
  111  8:32  Marine  
  111  8:34  Marine x3  
  96  8:37  SCV x2  
  96  8:39  Marine x3  
Tags
 
Add a new tag
Caveats
  • Supply blocks, unpowered buildings, or Contaminate may cause inaccurate times.
  • Supply counts are checked every 10 seconds.